 Dungeon Crawl Stone Soup version 0.21.1-1-g345015fe64 (webtiles) character file.

121 Goboxel the Slasher (level 4, -1/35 HPs)
             Began as a Demonspawn Gladiator on May 7, 2018.
             Slain by a rat (3 damage)
             ... on level 3 of the Dungeon.
             The game lasted 00:03:27 (3022 turns).

Goboxel the Slasher (Demonspawn Gladiator)          Turns: 3022, Time: 00:03:28

Health: -1/35      AC:  5    Str: 13 (14) XL:     4   Next: 76%
Magic:  4/4        EV: 13    Int:  6 (9)  God:
Gold:   63         SH:  0    Dex: 15 (16) Spells: 3/3 levels left

rFire    . . .     SeeInvis .   a - +0 long sword
rCold    . . .     Gourm    .   (no shield)
rNeg     . . .     Faith    .   b - +0 leather armour
rPois    .         Spirit   .   (helmet restricted)
rElec    .         Reflect  .   (no cloak)
rCorr    .         Harm     +   i - +1 pair of gloves
MR       .....                  (no boots)
Stlth    +.........             m - amulet of harm
HPRegen  0.11/turn              (no ring)
MPRegen  0.09/turn              (no ring)

@: lethally poisoned (-1 -> -3), berserk cooldown, slowed, very slow
A: antennae 1
a: no special abilities


You were on level 3 of the Dungeon.
You were hungry.

You visited 1 branch of the dungeon, and saw 3 of its levels.

You collected 63 gold pieces.

Inventory:

Hand Weapons
 a - a +0 long sword (weapon)
Missiles
 d - 5 throwing nets (quivered)
Armour
 b - a +0 leather armour (worn)
 i - a +1 pair of gloves (worn)
Jewellery
 m - an amulet of harm (around neck)
Wands
 s - a wand of enslavement (11)
Scrolls
 e - 4 scrolls of remove curse
 g - a scroll of magic mapping {unknown}
 l - a scroll of random uselessness {unknown}
Potions
 c - a potion of lignification
 k - a potion of heal wounds {unknown}
 o - a potion of cancellation {unknown}
 p - a potion of mutation {unknown}
 q - a potion of agility {unknown}
Books
 h - a book of Misfortune

   Spells                             Type                      Level
   a - Confusing Touch                Hexes                        1
   b - Confuse                        Hexes                        3
   c - Gell's Gravitas                Translocation                3
   d - Petrify                        Transmutation/Earth          4
   e - Metabolic Englaciation         Hexes/Ice                    5
   f - Yara's Violent Unravelling     Hexes/Transmutation          5
Comestibles
 f - 6 rations
 r - 2 chunks of flesh


   Skills:
 + Level 3.0 Fighting
 * Level 4.0 Long Blades
 - Level 1.7 Throwing
 + Level 3.4 Dodging


You had 3 spell levels left.
You didn't know any spells.

Dungeon Overview and Level Annotations

Branches:
Dungeon (3/15)

Altars:


Innate Abilities, Weirdness & Mutations

You have a pair of small antennae on your head.


Message History

an adder corpse; a rat corpse You hit the bat.
The bat is severely wounded.
You feel sick.
The bat closely misses you. x2; The bat barely misses you.
The bat closely misses you.
You riposte.
You barely miss the bat.
The bat is severely wounded.
Unknown command.
You miss the bat.
The bat is heavily wounded.
The bat closely misses you. The rat bites you.
* * * LOW HITPOINT WARNING * * *
The rat barely misses you.
Unknown command.
It was a potion of degeneration.
There was something very wrong with that liquid.
You feel weakened.
You feel dopey.
You feel clumsy.
* * * LOW HITPOINT WARNING * * *
You feel sick. The bat closely misses you. The bat barely misses you.
The rat bites you.
You die...

. .. #...(#(.( .. ..
{#...((... #.#.
{{{##...##### ....
####......... ####..#
'##..##..#....
.......#####..##.##..#....
........).#!...#.....#....
####.####br†.(.#.##..#####
#......@##..##.##..#
#........####..##..#
#..(..).......###..#
#...).....#####
#..(......# #.........#
...............
........########
..........


You could see a bat and a rat.

Vanquished Creatures
  A gnoll (D:2)
  5 adders
  2 worms (D:2)
  2 dart slugs (D:1)
  4 leopard geckos
  An orc (D:3)
  8 bats
  A giant cockroach (D:3)
  6 goblins
  7 hobgoblins
  3 jackals (D:2)
  6 frilled lizards
  3 kobolds (D:3)
  6 rats
55 creatures vanquished.

Notes
Turn   | Place    | Note
-------+----------+-------------------------------------------
     0 | D:1      | Goboxel the Demonspawn Gladiator began the quest for the Orb.
     0 | D:1      | Reached XP level 1. HP: 16/16 MP: 1/1
   263 | D:1      | Reached skill level 3 in Long Blades
   263 | D:1      | Gained mutation: You have a pair of small antennae on your head. [demonic ancestry]
   263 | D:1      | Reached XP level 2. HP: 22/22 MP: 2/2
  1489 | D:2      | Reached XP level 3. HP: 25/28 MP: 3/3
  1967 | D:2      | Reached XP level 4. HP: 27/34 MP: 4/4
  3005 | D:3      | Reached skill level 4 in Long Blades
  3022 | D:3      | Slain by a rat

Skill      XL: |  1  2  3  4 |
---------------+-------------+-----
Long Blades    | 3 4 |  4.0
Dodging        | 3 |  3.4
Fighting       | 3 |  3.0
Throwing       | |  1.7

Action                   |  1- 3 |  4- 6 || total
-------------------------+-------+-------++-------
Melee: Long sword        |    84 |    63 ||   147
  Use: Scroll            |     5 |       ||     5
       Potion            |       |     2 ||     2
  Eat: Chunk             |     3 |     3 ||     6
Armor: Leather armour    |    29 |    33 ||    62
Dodge: Dodged            |    81 |    85 ||   166
       Rpst.: Long sword |    25 |    27 ||    52
